 Dungeon Crawl Stone Soup version 0.28.0-53-g5a82cb258f (webtiles) character file.

Game seed: 8266920053368239671

7 MiltankisOP the Skirmisher (level 2, -1/32 HPs)
             Began as an Ogre Monk on June 16, 2022.
             Slain by a giant cockroach (2 damage)
             ... on level 1 of the Dungeon.
             The game lasted 00:00:20 (114 turns).

MiltankisOP the Skirmisher (Ogre Monk)               Turns: 114, Time: 00:00:21

Health: -1/32      AC:  3    Str: 14    XL:     2   Next: 0%
Magic:  2/2        EV: 10    Int: 11    God:
Gold:   0          SH:  0    Dex: 11    Spells: 1/1 levels left

rFire   . . .      SeeInvis .   a - +0 mace
rCold   . . .      Faith    .   (no shield)
rNeg    . . .      Spirit   .   b - +0 robe
rPois   .          Reflect  .   (helmet restricted)
rElec   .          Harm     .   (no cloak)
rCorr   .          Rampage  .   (gloves unavailable)
Will    .....                   (boots unavailable)
Stlth   ++........              (no amulet)
HPRegen 0.10/turn               (no ring)
MPRegen 0.08/turn               (no ring)

@: no status effects
A: large, unfitting armour, tough skin 1
a: no special abilities


You were on level 1 of the Dungeon.
You visited 1 branch of the dungeon, and saw 1 of its levels.

Inventory:

Hand Weapons
 a - a +0 mace (weapon)
Armour
 b - a +0 robe (worn)
Potions
 c - a potion of invisibility {unknown}
 d - 2 potions of heal wounds {unknown}


   Skills:
 + Level 4.2 Fighting
 + Level 2.8 Maces & Flails
 + Level 2.8 Dodging
 + Level 1.5 Stealth


You had one spell level left.
You didn't know any spells.
Your spell library was empty.

Dungeon Overview and Level Annotations

Branches:
Dungeon (1/15)

Altars:


Innate Abilities, Weirdness & Mutations

You are too large for most types of armour.
You have tough skin. (AC +1)


Message History

You hit the hobgoblin.
The hobgoblin is severely wounded.
The hobgoblin barely misses you. The hobgoblin closely misses you.
You hit the hobgoblin but do no damage.
The hobgoblin is severely wounded.
The hobgoblin hits you.
* * * LOW HITPOINT WARNING * * *
You hit the hobgoblin.
You kill the hobgoblin!
The giant cockroach bites you but does no damage.
You hit the giant cockroach.
The giant cockroach is heavily wounded.
The giant cockroach bites you but does no damage.
You hit the giant cockroach.
You kill the giant cockroach!
You hit the endoplasm.
The endoplasm is almost dead.
The endoplasm barely misses you. The endoplasm freezes you.
You are frozen.
* * * LOW HITPOINT WARNING * * *
You hit the endoplasm.
You kill the endoplasm!
You have reached level 2!
You closely miss the giant cockroach.
The giant cockroach bites you but does no damage.
The giant cockroach closely misses you.
You barely miss the giant cockroach. The giant cockroach closely misses you.
You barely miss the giant cockroach. The giant cockroach barely misses you.
The giant cockroach bites you.
* * * LOW HITPOINT WARNING * * *
You hit the giant cockroach but do no damage.
The giant cockroach closely misses you.
You hit the giant cockroach but do no damage.
The giant cockroach completely misses you.
The giant cockroach bites you but does no damage.
You hit the giant cockroach.
The giant cockroach is lightly wounded.
The giant cockroach bites you.
You die...

### ## ... ..# .
#.##..#.( #........
#.....##.
###############).......
..##........##.....#
#.##........@Bw....#
#.##........##.....#
###.##........##.....#
#...##........##.....#
###'#.##†.......##.....#
#..##.##........##.....#
#'#+#.(.........##.....#
.##.............# ######
#+#+#....##....##


You could see a dart slug and a giant cockroach.

Vanquished Creatures
  An endoplasm (D:1)
  A giant cockroach (D:1)
  A hobgoblin (D:1)
  A kobold (D:1)
  2 rats (D:1)
6 creatures vanquished.

Notes
Turn   | Place    | Note
-------+----------+-------------------------------------------
     0 | D:1      | MiltankisOP the Ogre Monk began the quest for the Orb.
     0 | D:1      | Reached XP level 1. HP: 24/24 MP: 1/1
   109 | D:1      | Reached XP level 2. HP: 2/32 MP: 2/2
   111 | D:1      | HP: 1/32 [giant cockroach (2)]
   114 | D:1      | Slain by a giant cockroach

Illustrated notes

Levels and vault maps discovered:
D:1:      erik_arrival_triangle_large, layout_basic,
          chequers_ecumenical_altar_simple_redux, minmay_misc_feat_four_crosses

Action                   || total
-------------------------++-------
Melee: Mace              ||    28
Armor: Robe              ||     9
Dodge: Dodged            ||    24
